 Dungeon Crawl Stone Soup version 0.28-a0-401-ge240ad9e29 (webtiles) character file.

Game seed: 17916542991586293292

11349 heikuro the Carver (level 12, -27/96 HPs)
             Began as a Formicid Abyssal Knight on Sept 4, 2021.
             Was an Elder of Lugonu.
             Annihilated by a white ugly thing (30 damage)
             ... on level 10 of the Dungeon.
             The game lasted 00:33:17 (14813 turns).

heikuro the Carver (Formicid Abyssal Knight)       Turns: 14813, Time: 00:33:18

Health: -27/96     AC: 17    Str: 32    XL:     12   Next: 6%
Magic:  0/21       EV:  8    Int: 11    God:    Lugonu [****..]
Gold:   405        SH:  4    Dex: 12    Spells: 11/11 levels left

rFire   + . .      SeeInvis +   a - +8 demon blade "Leech" {vamp, *Rage +Rage rN+}
rCold   . . .      Faith    .   (no shield)
rNeg    + . .      Spirit   +   A - +0 plate armour
rPois   +          Reflect  .   (helmet unavailable)
rElec   .          Harm     .   R - +0 cloak
rCorr   .          Rampage  .   (no gloves)
Will    +....      NoCast   +   (no boots)
Stlth   ..........              E - amulet "Usofres" {Spirit -Cast rPois rC+ Str+9}
HPRegen 0.26/turn               K - ring of fire
MPRegen 0.17/turn               (no ring)

@: no status effects
A: permanent stasis, dig shafts and tunnels, antennae 3, four strong arms,
iridescent scales 1, large bone plates 1, agile 1, high mp 1, evolution 1
a: Dig, Shaft Self, Renounce Religion, Depart the Abyss, Bend Space, Banish,
Corrupt


You were on level 10 of the Dungeon.
You worshipped Lugonu.
Lugonu was greatly pleased with you.
You visited 2 branches of the dungeon, and saw 12 of its levels.
You visited the Abyss 1 time.

You collected 1186 gold pieces.
You spent 781 gold pieces at shops.

Inventory:

Hand Weapons
 a - the +8 demon blade "Leech" (weapon) {vamp, *Rage +Rage rN+}
   (You found it on level 4 of the Dungeon)

   It heals its wielder for a portion of the damage dealt every time it strikes
   a living foe.
   rN:        It protects you from negative energy.
   +Rage:     It lets you go berserk.
   *Rage:     It may make you go berserk in combat.
 n - a +4 great sword of freezing
 v - a +1 hand axe of freezing
 I - the +8 hand axe "Kedot" {holy, *Corrode rN+ Str+3}
   (You found it on level 6 of the Dungeon)

   It has been blessed by the Shining One to cause great damage to the undead
   and demons.
   Str:       It affects your strength (+3).
   rN:        It protects you from negative energy.
   *Corrode:  It may corrode you when you take damage.
 L - the +4 hand axe "Kobly" {protect, Contam Will++ Dex+4}
   (You found it on level 7 of the Dungeon)

   It grants its wielder temporary protection when it strikes (+7 to AC).
   Dex:       It affects your dexterity (+4).
   Contam:    It causes magical contamination when unequipped.
   Will:      It greatly increases your willpower.
 Q - the +9 mace "Killer Bee's Peril" {flame, +Rage rElec rCorr}
   (You found it on level 10 of the Dungeon)

   It burns those it strikes, dealing additional fire damage.
   rElec:     It insulates you from electricity.
   +Rage:     It lets you go berserk.
   rCorr:     It protects you from acid and corrosion.
Missiles
 k - 6 boomerangs (quivered)
 r - 46 poisoned darts
Armour
 o - a +1 ring mail of poison resistance
 A - a +0 plate armour (worn)
 R - a +0 cloak (worn)
Jewellery
 E - the amulet "Usofres" (around neck) {Spirit -Cast rPois rC+ Str+9}
   (You bought it in a shop on level 1 of the Dungeon)

   [amulet of guardian spirit]

   It causes incoming damage to be divided between your reserves of health and
   magic.
   Str:       It affects your strength (+9).
   rC:        It protects you from cold.
   rPois:     It protects you from poison.
   -Cast:     It prevents spellcasting.
 K - a ring of fire (left hand)
 P - a +6 ring of intelligence
Wands
 d - a wand of mindburst (12)
 p - a wand of flame (40)
 C - a wand of acid (25)
 D - a wand of digging (13)
 F - a wand of polymorph (12)
 H - a wand of iceblast (11)
 J - a wand of paralysis (11)
 N - a wand of charming (14)
Scrolls
 b - 2 scrolls of enchant armour
 i - 2 scrolls of silence {unknown}
 j - a scroll of vulnerability {unknown}
 l - a scroll of acquirement {unknown}
 q - a scroll of noise {unknown}
 t - 2 scrolls of enchant weapon {unknown}
 w - 2 scrolls of holy word {unknown}
 y - 2 scrolls of amnesia {unknown}
 B - a scroll of immolation {unknown}
 G - a scroll of blinking {unknown}
 O - a scroll of identify
Potions
 e - a potion of lignification
 f - 4 potions of heal wounds
 g - a potion of curing
 h - 2 potions of resistance
 m - 2 potions of might
 s - a potion of ambrosia
 u - a potion of brilliance
 x - a potion of flight
 z - 2 potions of invisibility
 M - a potion of attraction


   Skills:
 + Level 9.6 Fighting
 * Level 10.8 Long Blades
 - Level 4.3 Axes
 + Level 9.3 Armour
 - Level 1.0 Dodging
 + Level 10.1 Invocations


You had 11 spell levels left.
You didn't know any spells.
Your spell library contained the following spells:

 Spells                   Type           Power      Damage    Failure   Level
 Animate Skeleton         Necr           0%         N/A       93%         1
 Apportation              Tloc           0%         N/A       93%         1
 Corona                   Hex            0%         N/A       93%         1
 Magic Dart               Conj           0%         1d3       93%         1
 Summon Small Mammal      Summ           0%         N/A       93%         1
 Call Imp                 Summ           0%         N/A       98%         2
 Slow                     Hex            0%         N/A       98%         2
 Confusing Touch          Hex            0%         N/A       100%        3
 Mephitic Cloud           Conj/Pois/Air  0%         N/A       100%        3
 Vampiric Draining        Necr           0%         2d6       100%        3
 Chain Lightning          Conj/Air       0%         N/A       100%        9
 Fire Storm               Conj/Fire      0%         5d1       100%        9
 Shatter                  Erth           0%         3d5*      100%        9


Dungeon Overview and Level Annotations

Branches:
Dungeon (11/15)            Temple (1/1) D:4            Lair (0/6) D:8
    Orc: D:9-12

Altars:
Ashenzari
Cheibriados
Dithmenos
Elyvilon
Fedhas
Gozag
Hepliaklqana
Kikubaaqudgha
Makhleb
Nemelex Xobeh
Okawaru
Qazlal
Ru
Sif Muna
Trog
Uskayaw
Vehumet
Wu Jian
Xom
Yredelemnul
Zin
The Shining One

Shops:
D:1 =   D:2 (   D:7 ?   D:9 *


Innate Abilities, Weirdness & Mutations

You cannot be hasted, slowed, berserked, paralysed or teleported.
You can dig through walls and to a lower floor.
You have a pair of large antennae on your head. (SInv)
Your four strong arms can wield two-handed weapons with a shield.
You are partially covered in iridescent scales. (AC +2)
You are partially covered in large bone plates. (SH +4)
You are agile. (Dex +2)
You have an increased reservoir of magic. (+10% MP)
You have hidden genetic potential.


Message History

The white ugly thing is moderately wounded.
The white ugly thing closely misses you.
The gargoyle hurls a stone arrow at you.
The stone arrow hits you!
You barely miss the white ugly thing.
The white ugly thing is moderately wounded.
The white ugly thing stings you! The white ugly thing freezes you!!
You are too injured to fight recklessly!
The gargoyle misses you. Space bends sharply around you!
The white ugly thing blinks!
The gargoyle blinks!
You blink.
The gargoyle hurls a stone arrow at you.
The stone arrow hits you!
* * * LOW HITPOINT WARNING * * *
You slash the gargoyle!
The gargoyle is severely damaged.
The gargoyle hits you with a +0 morningstar!
* * * LOW HITPOINT WARNING * * *
You slash the gargoyle!
You destroy the gargoyle!
Lugonu accepts your kill.
Throw: 6 boomerangs
Press: ? - help, Q - select action, (/) - cycle Shift-Dir - straight line, f - white ugly thing
Aim: a white ugly thing (moderately wounded, 60% to hit)
You throw a boomerang.
The boomerang closely misses the white ugly thing.
Throw: 6 boomerangs
Press: ? - help, Q - select action, (/) - cycle Shift-Dir - straight line, f/p - white ugly thing
Aim: a white ugly thing (moderately wounded, 62% to hit)
You throw a boomerang.
The boomerang hits the white ugly thing!
The white ugly thing is moderately wounded.
Press: ? - help, v - describe, . - travel
Here: a white ugly thing (moderately wounded)
The floor.
Okay, then.
The white ugly thing stings you!
* * * LOW HITPOINT WARNING * * *
The white ugly thing freezes you!!
You die...

.#######.######..#
.........######..#
.................#
#................#
#.#############..#
#.# #..# #.# #..#
#.#############..#
................@#
..#############.u#
..#############..#
.................#
.................#
##...u........)..#
#...............#
#...............#
##...............#


You could see a white ugly thing.

Vanquished Creatures
  Gastronok (D:10)
  A two-headed ogre (D:8)
  A deep elf pyromancer (D:9)
  A deep elf zephyrmancer (D:9)
  Maurice (D:10)
  A gargoyle (D:10)
  A troll (D:10)
  Prince Ribbit (D:9)
  Sigmund (D:2)
  A shadow (D:9)
  3 yaks (D:9)
  2 wyverns
  Grum (D:9)
  2 steam dragons
  4 vampire mosquitoes
  A water moccasin (D:7)
  Duvessa (D:7)
  6 orc warriors
  A swamp drake (D:9)
  2 ice beasts
  4 ogres
  A black bear (D:5)
  3 necrophages
  2 centaurs
  3 wolves (D:9)
  A phantom (D:5)
  5 bullfrogs
  A scorpion (D:7)
  Dowan (D:7)
  3 water moccasin skeletons
  6 killer bees (D:9)
  8 wights
  4 howler monkeys
  A crimson imp (D:9)
  A bullfrog zombie (D:6)
  2 centaur zombies
  3 hounds
  3 jellies
  9 orc priests
  A centaur skeleton (D:6)
  An iron imp (D:9)
  Terence (D:2)
  Natasha (thrice) (D:2)
  An iguana (D:6)
  19 orc wizards
  A statue (D:9)
  A hound zombie (D:5)
  2 howler monkey zombies (D:7)
  10 adders
  A gnoll (D:1)
  A howler monkey skeleton (D:5)
  A shadow imp (D:9)
  2 white imps
  An adder skeleton (D:4)
  2 worms
  4 dart slugs
  40 orcs
  8 ball pythons
  12 endoplasms
  6 giant cockroaches
  6 goblins
  3 hobgoblins
  15 jackals
  A quokka (D:2)
  3 bats (D:3)
  2 frilled lizards
  10 kobolds
  8 rats
260 creatures vanquished.

Notes
Turn   | Place    | Note
-------+----------+-------------------------------------------
     0 | Abyss:1  | heikuro the Formicid Abyssal Knight began the quest for the
                  | Orb.
     0 | Abyss:1  | Reached XP level 1. HP: 18/18 MP: 2/2
    33 | Abyss:1  | Noticed a ynoxinul
    35 | D:1      | Escaped the Abyss
   226 | D:1      | Reached skill level 1 in Dodging
   246 | D:1      | Reached XP level 2. HP: 21/24 MP: 3/3
   324 | D:1      | Reached * piety under Lugonu
  1056 | D:1      | Found a faded altar of an unknown god.
  1071 | D:1      | Reached XP level 3. HP: 28/29 MP: 4/4
  1147 | D:1      | Found Qatumiant's Jewellery Shop.
  1808 | D:2      | Noticed Natasha
  1808 | D:2      | Found Zyvy's Antique Weapon Boutique.
  1859 | D:1      | Reached XP level 4. HP: 17/37 MP: 6/6
  2102 | D:2      | Noticed Terence
  2116 | D:2      | Noticed Sigmund
  2331 | D:3      | Reached ** piety under Lugonu
  2623 | D:3      | Reached XP level 5. HP: 19/42 MP: 7/7
  3109 | D:3      | Found a stormy altar of Qazlal.
  3463 | D:4      | Found a shimmering altar of Xom.
  3662 | D:4      | Reached XP level 6. HP: 29/48 MP: 8/8
  3886 | D:4      | Noticed an ogre
  4066 | D:4      | Found a staircase to the Ecumenical Temple.
  4083 | Temple   | Entered the Ecumenical Temple
  4852 | D:4      | Found the +8 demon blade "Leech" {vamp, *Rage +Rage rN+}
  5002 | D:4      | Killed an ogre
  5003 | D:4      | Reached skill level 1 in Long Blades
  5003 | D:4      | Reached XP level 7. HP: 55/55 MP: 8/10
  5248 | D:2      | Killed Natasha
  5258 | D:2      | Noticed Natasha
  5295 | D:2      | Killed Sigmund
  5410 | D:2      | Killed Terence
  5411 | D:2      | Reached skill level 5 in Fighting
  5411 | D:2      | Killed Natasha
  5442 | D:2      | Noticed Natasha
  5448 | D:2      | Killed Natasha
  5733 | D:2      | Found Zyvy's Antique Weapon Boutique.
  5984 | D:5      | Entered Level 5 of the Dungeon
  6056 | D:5      | Reached XP level 8. HP: 33/62 MP: 11/11
  6239 | D:5      | Found an ornate altar of the Wu Jian Council.
  6257 | D:5      | Reached skill level 5 in Invocations
  6341 | D:5      | Found a burning altar of Makhleb.
  6437 | D:5      | Reached skill level 5 in Armour
  6661 | D:5      | Reached *** piety under Lugonu
  6687 | D:5      | Reached skill level 5 in Long Blades
  6747 | D:5      | Reached XP level 9. HP: 67/69 MP: 13/13
  7721 | D:6      | Found a blossoming altar of Fedhas.
  7790 | D:6      | Found a hazy altar of Hepliaklqana.
  7965 | D:1      | Bought the amulet "Usofres" {Spirit -Cast rPois rC+ Str+9}
                  | for 781 gold pieces
  8235 | D:6      | Identified the +8 hand axe "Kedot" {holy, *Corrode rN+
                  | Str+3}
  8465 | D:7      | Found Heestiz's Magic Scroll Shoppe.
  8564 | D:7      | Identified the +4 hand axe "Kobly" {protect, Contam Will++
                  | Dex+4}
  8702 | D:7      | Reached XP level 10. HP: 79/79 MP: 13/15
  8774 | D:7      | Noticed Duvessa
  8774 | D:7      | Noticed Dowan
  8781 | D:7      | Killed Duvessa
  8785 | D:7      | Killed Dowan
  9132 | D:8      | Noticed a two-headed ogre
  9140 | D:8      | Killed a two-headed ogre
  9140 | D:8      | Reached **** piety under Lugonu
  9176 | D:8      | Found a staircase to the Lair.
  9769 | D:8      | Found a broken altar of Ashenzari.
 10314 | D:9      | Found Zin's Purification Station.
 10318 | D:9      | Found a glowing silver altar of Zin.
 10502 | D:9      | Noticed a deep elf zephyrmancer
 10508 | D:9      | Killed a deep elf zephyrmancer
 10516 | D:9      | Noticed a deep elf pyromancer
 10528 | D:9      | Killed a deep elf pyromancer
 10529 | D:9      | Reached XP level 11. HP: 29/87 MP: 5/17
 10794 | D:9      | Gained mutation: You have an increased reservoir of magic.
                  | (+10% MP) [potion of mutation]
 10794 | D:9      | Gained mutation: You are partially covered in iridescent
                  | scales. (AC +2) [potion of mutation]
 10794 | D:9      | Gained mutation: You are agile. (Dex +2) [potion of
                  | mutation]
 10794 | D:9      | Gained mutation: You have hidden genetic potential. [potion
                  | of mutation]
 10979 | D:9      | Noticed Prince Ribbit
 11330 | D:9      | Noticed Grum
 11353 | D:9      | Reached ***** piety under Lugonu
 11359 | D:9      | Killed Grum
 11631 | D:9      | Found a radiant altar of Vehumet.
 12070 | D:10     | Entered Level 10 of the Dungeon
 12182 | D:9      | Found a glowing silver altar of Zin.
 12183 | D:9      | Found Zin's Purification Station.
 12482 | D:9      | Found a radiant altar of Vehumet.
 12931 | D:9      | Found a radiant altar of Vehumet.
 12987 | D:9      | Killed Prince Ribbit
 12988 | D:9      | Reached skill level 10 in Long Blades
 13043 | D:9      | Found a glowing silver altar of Zin.
 13044 | D:9      | Found Zin's Purification Station.
 13850 | D:10     | Noticed Gastronok
 13914 | D:10     | Killed Gastronok
 14025 | D:10     | Found a white marble altar of Elyvilon.
 14375 | D:10     | Identified the +9 mace "Killer Bee's Peril" {flame, +Rage
                  | rElec rCorr}
 14458 | D:10     | Noticed Maurice
 14470 | D:10     | Killed Maurice
 14471 | D:10     | Reached skill level 10 in Invocations
 14471 | D:10     | Reached XP level 12. HP: 92/96 MP: 19/21
 14489 | D:10     | Gained mutation: You are partially covered in large bone
                  | plates. (SH +4) [hidden potential]
 14648 | D:10     | Found a basalt altar of Yredelemnul.
 14648 | D:10     | Found an iron altar of Okawaru.
 14743 | D:11     | Noticed a two-headed ogre
 14813 | D:10     | HP: 3/96 [white ugly thing (7)]
 14813 | D:10     | Annihilated by a white ugly thing

Illustrated notes

Levels and vault maps discovered:
D:1:      dpeg_arrival_refuge, layout_loops_ring, serial_shops,
          nicolae_shop_behind_doors, hellmonk_ecumenical_altar_run_dry
D:2:      layout_rooms, serial_shops, shop, uniq_terence, uniq_natasha,
          uniq_sigmund
D:3:      layout_rooms, mainiacjoe_overflow_24_doors
D:4:      layout_cave_pods, overflow_temple_1_default,
          minmay_temple_entry_junction, kennysheep_generic_room_12
D:5:      minmay_polygon_palace, layout_basic, old_standard_altar,
          lemuel_crystal_altar
D:6:      layout_rooms, lemuel_coloured_pillars_altar,
          mainiacjoe_overflow_alcove_2
D:7:      layout_rooms, serial_shops, shop_statue,
          chequers_serial_rivers_room_a, uniq_duvessa
D:8:      layout_rooms, marbit_many_paths, lair_entry_dummy,
          serial_co_window_serial, co_window_paths_a, co_window_paths_b,
          co_window_paths_a, co_window_paths_a, co_window_corner_a,
          co_window_corner_cb, co_window_paths_c, co_window_paths_c,
          co_window_unsneaky_path_d, co_window_paths_e, co_window_4corner_a,
          glass_columns_b, glass_columns_a, nicolae_sextant
D:9:      layout_stronghold, zin_purify, vehumet_statue, hangedman_minor_magic,
          uniq_prince_ribbit1, uniq_grum
D:10:     layout_long_grid, gammafunk_temple_overflow_pools,
          nicolae_elyvilon_temple_path, uniq_gastronok, uniq_maurice
D:11:     layout_roguey, david_orc_4, glass_columns_a
Temple:   cyrus_temple_forest

Skill      XL: |  1  2  3  4  5  6  7  8  9 10 11 |
---------------+----------------------------------+-----
Dodging        | 1 |  1.0
Axes           | 3 4 |  4.3
Invocations    | 3 4 5 7 8 10 | 10.1
Armour         | 3 4 5 6 8 9 |  9.3
Fighting       | 4 5 6 7 8 9 |  9.6
Long Blades    | 1 3 5 7 9 10 | 10.8

Action                   |  1- 3 |  4- 6 |  7- 9 | 10-12 || total
-------------------------+-------+-------+-------+-------++-------
Melee: Hand axe          |   104 |   133 |       |       ||   237
       War axe           |       |    35 |       |       ||    35
       Demon blade       |       |     2 |   224 |   319 ||   545
Throw: Dart              |       |     5 |       |       ||     5
       Boomerang         |       |     6 |       |     2 ||     8
Invok: Depart the Abyss  |     1 |       |       |       ||     1
       Bend Space        |       |     7 |       |     1 ||     8
 Abil: Dig               |     1 |     3 |       |     1 ||     5
  Use: Scroll            |       |     6 |     4 |     4 ||    14
       Potion            |       |       |       |     1 ||     1
Armor: Ring mail         |    33 |    62 |    74 |       ||   169
       Scale mail        |       |     2 |       |       ||     2
       Plate armour      |       |       |    10 |   144 ||   154
Dodge: Dodged            |    55 |    81 |   110 |   118 ||   364
Block: Other             |       |       |       |     3 ||     3

Table legend: (Time is in decaauts)
 A = Elapsed time spent in this place.
 B = Non-inter-level travel time spent in this place.
 C = Inter-level travel time spent in this place.
 D = Time resting spent in this place.
 E = Time spent auto-exploring this place.
 F = Levels seen in this place.
 G = Mean time per level.
                   A        B        C        D        E       F      G
               +--------+--------+--------+--------+--------+-----+--------+
         Total |  14844 |  13991 |    853 |   3108 |   6331 |  13 | 1141.8 |
       Dungeon |  14657 |  13845 |    812 |   3108 |   6228 |  11 | 1332.5 |
        Temple |    152 |    111 |     41 |      0 |    103 |   1 |  152.0 |
         Abyss |     35 |     35 |      0 |      0 |      0 |   1 |   35.0 |
               +--------+--------+--------+--------+--------+-----+--------+

Top non-repeatable levels by time:
     D:9: 3342 daAuts
     D:1: 2163 daAuts
     D:4: 1770 daAuts
     D:5: 1584 daAuts
     D:8: 1292 daAuts
     D:3: 1070 daAuts
    D:10: 1063 daAuts
     D:2: 1001 daAuts
     D:6: 769 daAuts
     D:7: 593 daAuts
  Temple: 152 daAuts
 Abyss:1: 35 daAuts
    D:11: 5 daAuts
